 Dungeon Crawl Stone Soup version 0.14-a0-1527-g89529d6 (webtiles) character file.

780 Piginabag the Sneak (level 7, -1/44 HPs)
             Began as an Octopode Transmuter on Dec 17, 2013.
             Slain by an ogre
             ... wielding a +0,+0 giant club
              (18 damage)
             ... on Level 5 of the Dungeon.
             The game lasted 00:19:26 (4903 turns).

Piginabag the Sneak (Octopode Transmuter)           Turns: 4903, Time: 00:19:26

HP  -1/44        AC  1     Str 11      XL: 7   Next: 60%
MP  14/15        EV 13     Int 16      God:
Gold 101         SH  0     Dex 12      Spells:  2 memorised,  8 levels left

rFire  . . .     SeeInvis .     l - +3,+2 quarterstaff (chaos)
rCold  . . .     Clarity  .     (no shield)
rNeg   . . .     Conserve +     (helmet restricted)
rPois  .         rCorr    .     m - amulet of conservation
rElec  .         rRot     .     (no ring)
SustAb . .       Spirit   .     (no ring)
rMut   .         Warding  .     (no ring)
Saprov . . .     Stasis   .     (no ring)
                                (no ring)
                                (no ring)
                                (no ring)
                                (no ring)

@: appendage (expiring), slightly resistant to hostile enchantments, very
stealthy
A: almost no armour, amphibious, 8 rings, constrict 8, spike 3, camouflage 1,
gelatinous body 1
a: End Transformation


You were on level 5 of the Dungeon.
You were not hungry.
One of your tentacles had a temporary spike.
You visited 1 branch of the dungeon, and saw 5 of its levels.

You collected 101 gold pieces.

Inventory:

Hand weapons
 l - a +3,+2 quarterstaff of chaos (weapon)
 w - a +0 blowgun
Missiles
 b - 12 arrows
 e - 3 silver darts (quivered)
 x - 17 poisoned needles
Magical devices
 j - a wand of frost (12)
 k - a wand of confusion (0)
 u - a wand of polymorph (4) {unknown}
Comestibles
 n - a choko
 v - an apple
Scrolls
 a - 5 scrolls of recharging {unknown}
 f - 3 scrolls of teleportation {unknown}
 g - 2 scrolls of remove curse {unknown}
 h - 3 scrolls of enchant armour {unknown}
 i - a scroll of amnesia {unknown}
 o - a scroll of noise {unknown}
 p - a scroll of identify
 q - a scroll of magic mapping
 r - a scroll of fear {unknown}
 s - a scroll of immolation {unknown}
Jewellery
 m - an amulet of conservation (around mantle)
 y - an uncursed amulet of resist corrosion
Potions
 c - a potion of restore abilities
 t - 2 potions of resistance {unknown}
 z - a potion of agility {unknown}
 E - a potion of confusion {unknown}
Books
 d - a book of Changes

   Spells                             Type                      Level
   *Beastly Appendage                 Transmutation                1
   Sticks to Snakes                   Transmutation                2
   *Spider Form                       Transmutation/Poison         3
   Ice Form                           Ice/Transmutation            4
   Blade Hands                        Transmutation                5


   Skills:
 + Level 1.9 Fighting
 + Level 2.2 Staves
 + Level 0.4 Throwing
 + Level 4.2 Dodging
 + Level 4.9 Stealth
 + Level 4.1 Unarmed Combat
 + Level 3.3 Spellcasting
 + Level 3.4 Transmutations


You had 8 spell levels left.
You knew the following spells:

 Your Spells              Type           Power        Failure   Level  Hunger
a - Beastly Appendage     Trmt           ##....       6%          1    None
b - Spider Form           Trmt/Pois      #.........   28%         3    ###....


Dungeon Overview and Level Annotations

Branches:
Dungeon (5/16)
 Temple: D:4-7

Altars:
Xom
Yredelemnul


Innate Abilities, Weirdness & Mutations

You cannot wear most types of armour.
You are amphibious.
You can wear up to eight rings at the same time.*
You can use your tentacles to constrict many enemies at once.*
Your skin changes colour to match your surroundings (Stlth).*
Your rubbery body absorbs attacks (AC +1).*
One of your tentacles bears a large vicious spike.*


Message History

Casting: Beastly Appendage
Confirm with . or Enter, or press ? or * to list all spells.
One of your tentacles grows a vicious spike.
Your magical contamination has completely faded away.
Your transformation is almost over.
The ogre closely misses you.
You hit the ogre. You burn the ogre.
You pierce the ogre.
The ogre is moderately wounded.
The ogre closely misses you.
You sock the ogre!
The ogre is heavily wounded.
The ogre hits you with a giant club!
You hit the ogre.
The ogre is poisoned.
You pierce the ogre.
Your squeeze misses the ogre.
The ogre is severely wounded.
The ogre barely misses you.
You hit the ogre.
The ogre is moving more slowly.
The ogre is almost dead.
The ogre hits you with a giant club!
You die...

....
.......#
#.......#
#......)#
#.......#
#....[..#
#.......#
#....O..#
#....@..#
#.......#
#.......#
#.......#
#.......#
#.......#
#.......#
#.......#
#.......#


You could see an ogre (petrifying).

Vanquished Creatures
  Grinder (D:4)
  An ogre (D:5)
  Blork the orc (D:4)
  A crimson imp (D:4)
  Crazy Yiuf (D:2)
  A worker ant (D:4)
  Ijyb (D:3)
  6 adders
  2 giant mites
  An inept feature mimic (D:3)
  An inept item mimic (D:2)
  4 worms
  A giant gecko (D:3)
  2 oozes (D:1)
  12 orcs
  A ball python (D:1)
  3 giant cockroaches
  11 goblins
  5 hobgoblins
  2 jackals (D:4)
  4 quokkas
  13 bats
  3 giant newts
  A hobgoblin skeleton (D:4)
  7 kobolds
  8 rats
94 creatures vanquished.

Notes
Turn   | Place    | Note
--------------------------------------------------------------
     0 | D:1      | Piginabag, the Octopode Transmuter, began the quest for the Orb.
     0 | D:1      | Reached XP level 1. HP: 13/13 MP: 3/3
    92 | D:1      | Reached XP level 2. HP: 12/18 MP: 2/4
   515 | D:1      | Reached XP level 3. HP: 23/23 MP: 6/6
  1466 | D:2      | Reached XP level 4. HP: 25/28 MP: 8/8
  1467 | D:2      | Found a basalt altar of Yredelemnul.
  1650 | D:2      | Learned a level 3 spell: Spider Form
  2156 | D:2      | Reached skill level 1 in Stealth
  2197 | D:2      | Noticed Crazy Yiuf
  2210 | D:2      | Killed Crazy Yiuf
  2210 | D:2      | Reached skill level 4 in Unarmed Combat
  2210 | D:2      | Reached XP level 5. HP: 18/33 MP: 7/9
  2626 | D:3      | Noticed Ijyb
  2634 | D:3      | Killed Ijyb
  3641 | D:4      | Noticed Grinder
  3738 | D:4      | Found a shimmering altar of Xom.
  3738 | D:4      | Found a shimmering altar of Xom.
  3739 | D:4      | Found a shimmering altar of Xom.
  3740 | D:4      | Found a shimmering altar of Xom.
  3790 | D:4      | Noticed Blork the orc
  3816 | D:4      | Killed Blork the orc
  3816 | D:4      | Reached skill level 1 in Staves
  3816 | D:4      | Reached XP level 6. HP: 20/38 MP: 8/11
  3954 | D:4      | Killed Grinder
  3954 | D:4      | Reached XP level 7. HP: 26/43 MP: 10/14
  4826 | D:5      | Entered Level 5 of the Dungeon
  4903 | D:5      | Slain by an ogre

Action                   |  1- 3 |  4- 6 |  7- 9 || total
-------------------------+-------+-------+-------++-------
Melee: Unarmed           |    71 |    28 |       ||    99
       Quarterstaff      |       |    66 |    45 ||   111
Throw: Dart              |     4 |       |       ||     4
 Cast: Beastly Appendage |    14 |    10 |     5 ||    29
  Use: Potion            |       |     1 |       ||     1
       Scroll            |       |     5 |     2 ||     7
 Stab: Sleeping          |     3 |     7 |     3 ||    13
       Paralysed         |       |     4 |     1 ||     5
       Confused          |       |       |     1 ||     1
